Cogmind - Beta 14 @@@ ROGUE MODE // 2024.11.07 @ 22:41:57 Player: Komeiji O. Result: Destroyed by P-60 Hacker with Shock Rifle Performance ------------- Evolutions (0) 0 Regions Visited (3) 600 Robots Destroyed (39) 195 Value Destroyed (1023) 1023 Prototype IDs (11) 220 Alien Tech Used (0) 0 Bonus (-30) -30 TOTAL SCORE: 2008 Bonus ------- Friendly Fire -30 Cogmind --------- Core Integrity 0/250 Matter 282/300 Energy 200/200 System Corruption 3% Temperature Cool (0) Movement Treading (160) Location -8/Recycling Parts ------- > --- POWER (1) -------- Subdweller Power Source > --- PROPULSION (2) --- Light Treads Spiked Treads > --- UTILITY (2) ------ Large Storage Unit Makeshift Light Armor Plating > --- WEAPON (2) ------- Battle Cannon Datajack > --- INVENTORY (15) --- Ion Engine Subdweller Power Source Light Treads Spiked Treads Subdweller Monowheel Structural Scanner Gun Armor Scrap Shield Authchip [Device] Subdweller Beam Cannon Subdweller Machine Gun Mini Grenade Launcher Subdweller Shrapnel Launcher Maul Peak State ------------ > --- POWER ------------ Subdweller Power Source > --- PROPULSION ------- Light Treads Spiked Treads > --- UTILITY ---------- Large Storage Unit Makeshift Light Armor Plating > --- WEAPON ----------- Subdweller Machine Gun Battle Cannon > --- INVENTORY -------- Ion Engine Subdweller Power Source Light Treads Spiked Treads Subdweller Monowheel Structural Scanner Light Armor Plating Gun Armor Scrap Shield Subdweller Beam Cannon Mini Grenade Launcher Mini Grenade Launcher Subdweller Shrapnel Launcher Datajack [Rating: 17] Favorites ----------- Power Subdweller Power Source Engine Subdweller Power Source Propulsion Light Treads Treads Light Treads Wheel Subdweller Monowheel Utility Large Storage Unit Device Heat Sink Storage Large Storage Unit Protection Makeshift Light Armor Plating Weapon Heavy Assault Rifle Energy Gun Medium Laser Energy Cannon Subdweller Beam Cannon Ballistic Gun Heavy Assault Rifle Ballistic Cannon Battle Cannon Launcher Mini Grenade Launcher Special Melee Weapon Datajack Build | -11 -10 -10 -8 ------- Run | Yrd Mat Sub Rec Slots Evolved . | . . . . Power . | . . . . Propulsion . | . . . . Utility . | . . . . Weapon . | . . . . Parts Attached 57 | 7 17 29 4 Power 7 | 1 3 3 . Engine 7 | 1 3 3 . Core . | . . . . Reactor . | . . . . Propulsion 15 | 2 4 6 3 Treads 12 | 2 4 3 3 Leg . | . . . . Wheel 3 | . . 3 . Hover . | . . . . Flight . | . . . . Utility 11 | 2 6 3 . Device 7 | 1 5 1 . Storage 2 | 1 1 . . Processor . | . . . . Hackware . | . . . . Protection 2 | . . 2 . Artifact . | . . . . Weapon 24 | 2 4 17 1 Energy Gun 1 | . 1 . . Energy Cannon 1 | . . 1 . Ballistic Gun 12 | 2 2 8 . Ballistic Cannon 3 | . 1 2 . Launcher 6 | . . 6 . Special Weapon . | . . . . Impact Weapon . | . . . . Slashing Weapon . | . . . . Piercing Weapon . | . . . . Special Melee Weapon 1 | . . . 1 Unidentified Prototypes . | . . . . Parts Lost 3 | . . 3 . Power . | . . . . Propulsion 2 | . . 2 . Utility 1 | . . 1 . Weapon . | . . . . Highest Loss Streak 1 | . . 1 . To Critical Strikes . | . . . . Average Slot Usage (%) 99 | . 99 99 100 Engine 14 | . 14 14 14 Treads 27 | . 28 26 28 Device 5 | . 14 1 . Storage 14 | . 14 14 14 Protection 8 | . . 12 14 Energy Cannon 3 | . . 5 . Ballistic Gun 18 | . 25 15 13 Ballistic Cannon 4 | . 1 4 14 Launcher 1 | . . 3 . Peak Build Rating 17 | 7 11 16 17 Average Rating 12 | 5 9 13 16 On Entrance 8 | . 7 11 16 Naked Turns . | . . . . Heaviest Build 40 | 15 32 40 36 Greatest Support 40 | 40 40 40 40 Greatest Overweight (x) 1 | . . 1 . Average Overweight (x) . | . . . . Largest Inventory Capacity 15 | 8 15 15 15 Average Capacity 14 | 7 14 15 15 Most Carried 15 | 7 15 15 15 Average Carried 13 | 4 13 14 14 Final Capacity 15 | 8 15 15 15 Final Carried 15 | 6 15 15 15 Class Distribution -------------------- 90% | Mutant 9% | Scavenger-Mutant Dominant Class ---------------- Mutant | -10/Materials Mutant | -10/Subcaves Mutant | -8/Recycling Resources | -11 -10 -10 -8 ----------- Run | Yrd Mat Sub Rec Matter Collected 1551 | 267 570 518 196 Remotely . | . . . . Salvage Created 1120 | 104 693 271 52 Parts 85 | 6 45 29 5 Haulers Intercepted . | . . . . Recyclers Shooed 2 | 1 1 . . Parts Field Recycled . | . . . . Retrieved Matter . | . . . . Parts Self-Destructed 10 | . . 10 . Prevented . | . . . . Kills | -11 -10 -10 -8 ------- Run | Yrd Mat Sub Rec Combat Hostiles Destroyed 32 | . 19 12 1 Guns 22 | . 17 4 1 Cannons 5 | . 2 3 . AOE 5 | . . 5 . Classes Destroyed 9 | 3 3 3 . Worker 1 | 1 . . . Builder 1 | . 1 . . Tunneler 1 | 1 . . . Recycler 2 | 1 1 . . Turret 2 | . . 2 . Swarmer 10 | . 6 4 . Grunt 13 | . 13 . . Sentry 2 | . . 1 1 Subdweller 7 | . . 7 . Best Kill Streak 4 | 2 4 4 1 Combat Bots Only 4 | . 4 4 1 Max Kills in Single Turn 2 | 1 1 2 1 Gunslinging . | . . . . Exploded 2 | . . 2 . Melee . | . . . . Uniques/NPCs Destroyed . | . . . . Combat | -11 -10 -10 -8 -------- Run | Yrd Mat Sub Rec Hostile Shots Fired 154 | . 74 69 11 Missed 39 | . 11 23 5 Damage Taken 1454 | . 632 736 86 Core 260 | . 101 130 29 Absorbed by Shields . | . . . . Core Remaining (%) 100 | 100 . . . Volleys Fired 137 | 19 52 65 1 Largest 2 | 2 2 2 2 Hottest 119 | 40 85 119 69 Shots Fired 221 | 38 104 77 2 Gun 158 | 38 94 25 1 Cannon 42 | . 10 31 1 Launcher 21 | . . 21 . Special . | . . . . Kinetic 181 | 38 94 47 2 Thermal 19 | . 10 9 . Explosive 21 | . . 21 . Electromagnetic . | . . . . Robot Hit Streak 15 | 5 15 13 14 Robot Miss Streak 5 | 3 5 3 . Penetration Max . | . . . . Secondary Targets . | . . . . Shots Hit Robots 110 | 20 67 22 1 Core Hits 58 | 4 31 22 1 Critical Kills 1 | . . 1 . Critical Parts Destroyed . | . . . . Critical Strikes 4 | . 2 2 . Burn 1 | . 1 . . Destroy 1 | . . 1 . Blast 2 | . 1 1 . Melee Attacks . | . . . . Impact . | . . . . Slashing . | . . . . Piercing . | . . . . Sneak Attacks . | . . . . Combat Hostiles . | . . . . Follow-up Attacks . | . . . . Damage Inflicted 2356 | 249 981 1101 25 Guns 1273 | 249 830 169 25 Cannons 334 | . 133 201 . Explosions 731 | . . 731 . Melee . | . . . . Ramming 18 | . 18 . . Kinetic 1440 | 249 851 315 25 Thermal 167 | . 112 55 . Explosive 731 | . . 731 . Electromagnetic . | . . . . Impact . | . . . . Slashing . | . . . . Piercing . | . . . . Highest Corruption 3 | . 1 1 3 Average Corruption 1 | . 1 1 1 Corruption Purged . | . . . . Corruption Blocked . | . . . . Effects 22 | . 1 17 4 Message Errors 1 | . . 1 . Matter Fused 5 | . . 4 1 Heat Flow Errors 4 | . . 3 1 Energy Discharges 5 | . . 4 1 Parts Rejected 3 | . 1 2 . Data Loss (minor) 2 | . . 1 1 Misfires 1 | . . 1 . Alerts 1 | . . 1 . Overload Shots . | . . . . Overflow Damage 10 | . . 10 . Projectiles . | . . . . Explosions 10 | . . 10 . Melee . | . . . . Knockbacks 8 | . 4 4 . Impact . | . . . . Kinetic 7 | . 3 4 . Secondary 1 | . 1 . . Self-Inflicted Damage 92 | . . 92 . Shots 3 | . . 3 . Rammed 4 | . 4 . . Targets Rammed 4 | . 4 . . Kicked . | . . . . Crushed . | . . . . Highest Temperature 206 | . 30 183 206 Average Temperature 54 | . 17 79 89 Received Heat Transfer 411 | . 252 150 9 Siege Activations . | . . . . Robots Corrupted . | . . . . Combat Hostiles . | . . . . Parts Fried . | . . . . Impact Corruptions . | . . . . Robots Melted . | . . . . Combat Hostiles . | . . . . Parts Melted . | . . . . Heat Transferred 481 | . 407 74 . Parts Sabotaged . | . . . . Parts Stolen . | . . . . Parts Stripped . | . . . . Power Chain Reactions . | . . . . Alert | -11 -10 -10 -8 ------- Run | Yrd Mat Sub Rec Peak Influence 231 | 15 231 . 25 Initial 9 | . 9 . . Average 92 | 5 134 . 17 Maximum Alert Level 1 | . 1 . . Low Security (%) 71 | 100 55 . 100 Level 1 28 | . 44 . . Level 2 . | . . . . Level 3 . | . . . . Level 4 . | . . . . Level 5 . | . . . . High Security . | . . . . Max Security . | . . . . Squads Dispatched 4 | . 4 . . Investigation 3 | . 3 . . Extermination . | . . . . Reinforcement 1 | . 1 . . Assault . | . . . . Garrison . | . . . . Intercept . | . . . . Searches Triggered . | . . . . Construction Impeded . | . . . . Haulers Reinforced . | . . . . Active Scanning Responses . | . . . . Cargo Convoy Interrupts . | . . . . Stealth | -11 -10 -10 -8 --------- Run | Yrd Mat Sub Rec Distress Signals 6 | . 5 . 1 Communications Jammed . | . . . . Distress Signals . | . . . . Times Spotted 61 | . 36 20 5 Peak Tracking Total 6 | . 5 6 4 Tactical Retreats 5 | . 2 3 . Traps | -11 -10 -10 -8 ------- Run | Yrd Mat Sub Rec Traps Triggered 4 | . 3 1 . Indirectly . | . . . . Trap Hack Attempts . | . . . . Triggered . | . . . . Disarmed . | . . . . Reprogrammed . | . . . . Reused . | . . . . Traps Extracted . | . . . . Installed . | . . . . Triggered . | . . . . Machines | -11 -10 -10 -8 ---------- Run | Yrd Mat Sub Rec Machines Disabled 3 | . . 3 . Max in Single Turn 1 | . . 1 . Machines Repaired . | . . . . Machines Dismantled . | . . . . Machines Sabotaged . | . . . . Overloaded Fab Kills . | . . . . Hacking | -11 -10 -10 -8 --------- Run | Yrd Mat Sub Rec Machines Accessed 13 | . 8 2 3 Terminals 10 | . 7 . 3 Fabricators . | . . . . Repair Stations . | . . . . Recycling Units 1 | . 1 . . Scanalyzers . | . . . . Garrison Access . | . . . . Total Hacks 48 | . 21 13 14 Successful 34 | . 13 13 8 Failed 14 | . 8 . 6 Catastrophic 3 | . 1 . 2 Database Lockouts . | . . . . Manual 32 | . 19 . 13 Terminals 34 | . 20 . 14 Fabricators . | . . . . Repair Stations . | . . . . Recycling Units 1 | . 1 . . Scanalyzers . | . . . . Garrison Access . | . . . . Terminal Hacks 21 | . 4 13 4 Record 12 | . . 12 . Part Schematic 2 | . . . 2 Terminal Index 1 | . 1 . . Unreport Threat 1 | . 1 . . Locate Traps 1 | . 1 . . Security Status 1 | . . . 1 Zone Layout 2 | . 1 . 1 Derelict Proto ID Bank 1 | . . 1 . Fabricator Hacks . | . . . . Repair Station Hacks . | . . . . Recycling Unit Hacks . | . . . . Scanalyzer . | . . . . Garrison Access Hacks . | . . . . Unauthorized Hacks 12 | . 9 . 3 Terminals 11 | . 8 . 3 Track 1 | . 1 . . Botnet 5 | . 2 . 3 Skim 5 | . 5 . . Fabricators . | . . . . Repair Stations . | . . . . Recycling Units 1 | . 1 . . Tunnel 1 | . 1 . . Scanalyzers . | . . . . Garrison Access . | . . . . Data Cores Recovered . | . . . . Used . | . . . . Hacking Detections 8 | . 5 . 3 Full Trace Events 1 | . 1 . . Feedback Events 1 | . 1 . . Corruption 1 | . 1 . . Feedback Blocked . | . . . . Robot Schematics Acquired . | . . . . Robots Built . | . . . . Authchips . | . . . . Time . | . . . . Total Robot Build Rating . | . . . . Part Schematics Acquired 2 | . . . 2 Parts Built . | . . . . Authchips . | . . . . Time . | . . . . Total Part Build Rating . | . . . . Parts Repaired . | . . . . Time . | . . . . Parts Recycled . | . . . . Recycled Matter . | . . . . Retrieved Matter . | . . . . Retrieved Components . | . . . . Parts Scanalyzed . | . . . . Part Schematics Acquired . | . . . . Parts Damaged . | . . . . Bothacking | -11 -10 -10 -8 ------------ Run | Yrd Mat Sub Rec Used RIF Installer . | . . . . Robots Hacked . | . . . . Non-combat . | . . . . Combat . | . . . . Robot Hacks Applied . | . . . . Relay Couplers Released . | . . . . Fabnet Peak Effective % . | . . . . Robots Rewired . | . . . . Allies Hacked . | . . . . Hacks Repelled . | . . . . Allies | -11 -10 -10 -8 -------- Run | Yrd Mat Sub Rec Total Allies . | . . . . Largest Group . | . . . . Highest-Rated Group . | . . . . Highest-Rated Ally . | . . . . Total Orders . | . . . . Ally Attacks . | . . . . Total Damage . | . . . . Kills . | . . . . Allies Corrupted . | . . . . Allies Melted . | . . . . Intel | -11 -10 -10 -8 ------- Run | Yrd Mat Sub Rec Robot Analysis Total . | . . . . Derelict Logs Recovered . | . . . . Drone Launches . | . . . . Drone Recoveries . | . . . . Exploration | -11 -10 -10 -8 ------------- Run | Yrd Mat Sub Rec Turns Passed 4498 | 215 1463 2242 578 Spaces Moved 2485 | 94 745 1292 354 Core 9 | 9 . . . Treads 2317 | 85 745 1133 354 Legs . | . . . . Wheels 159 | . . 159 . Hover . | . . . . Flight . | . . . . Fastest Speed 50 | 50 160 120 160 Average Speed 157 | 149 160 156 160 Slowest Speed 240 | 160 160 240 160 Overloaded Moves . | . . . . Propulsion Burnouts . | . . . . Robots Hopped . | . . . . Cave-ins Triggered . | . . . . Exploration Rate (%) 55 | 7 91 65 60 Regions Visited 3 Branch Regions 2 Pre-discovered Areas 2 | . 1 1 . Known Exits Taken . | . . . . Unknown Exits Taken 3 | 1 1 1 . Scrap Searched 3 | . . 3 . Spaces Dug 33 | . . 33 . Terrain Destroyed 124 | . . 124 . Melee . | . . . . Projectile 9 | . . 9 . AOE 115 | . . 115 . Terrain Rammed . | . . . . Walls Destroyed . | . . . . Machines Disabled . | . . . . Actions | -11 -10 -10 -8 --------- Run | Yrd Mat Sub Rec Total 2840 | 128 915 1433 364 Wait 73 | . 52 21 . Move 2482 | 93 744 1291 354 Hop . | . . . . Pick Up 45 | 8 24 11 2 Fast Attach 18 | 6 6 6 . Attach 3 | 1 1 1 . Detach 1 | . . 1 . Swap 36 | . 10 22 4 Drop 41 | 1 22 15 3 Fire 137 | 19 52 65 1 Melee . | . . . . Ram . | . . . . Kick . | . . . . Crush 4 | . 4 . . Escape Stasis . | . . . . Rewire . | . . . . Trap . | . . . . Miscellaneous . | . . . . Route ------- -11/Scrapyard -10/Materials (discovered 5 exits: [*Mat x3] / [*Min] / *Sub) -10/Subcaves (discovered 2 exits: [*Mat] / *Rec) -8/Recycling (discovered 1 exit: [*Fac]) History --------- Turn | Location | Event 8 | -11/Scrapyard | Discovered new exit (range 15) 216 | -11/Scrapyard | Entered Materials 312 | -10/Materials | Build established: Mutant 393 | -10/Materials | Discovered new exit (range 16) 781 | -10/Materials | Discovered new exit (range 15) 1267 | -10/Materials | Discovered new exit (range 11) 1529 | -10/Materials | Discovered new exit (range 13) 1666 | -10/Materials | Discovered new exit (range 9) 1679 | -10/Materials | Entered Subcaves 1754 | -10/Subcaves | Discovered new exit (range 15) 1846 | -10/Subcaves | Learned location of Zion (-6) 1846 | -10/Subcaves | Met a Zionite searching for "candidates" 1847 | -10/Subcaves | Discovered new exit (range 14) 1863 | -10/Subcaves | Core integrity fell below 50% 2543 | -10/Subcaves | Ambushed by Subdweller buried in earth 2742 | -10/Subcaves | Disturbed a concealed Subdweller 2909 | -10/Subcaves | Build established: Scavenger-Mutant 3053 | -10/Subcaves | Shifting Twisted Machinery released Battle Cannon 3176 | -10/Subcaves | Visited 4L-MR0's lab 3197 | -10/Subcaves | Found Gun Armor 3271 | -10/Subcaves | Shifting Twisted Machinery released Sub. Laser 3345 | -10/Subcaves | Visited Clippyterm 3350 | -10/Subcaves | Build established: Mutant 3350 | -10/Subcaves | Learned Factory trap positions 3811 | -10/Subcaves | Core integrity fell below 20% 3921 | -10/Subcaves | Entered Recycling 4474 | -8/Recycling | Discovered new exit (range 5) 4499 | -8/Recycling | Destroyed by P-60 Hacker with Shock Rifle Last Messages --------------- Trojan loaded successfully. Testing... Terminal linked with 2 systems. Awaiting botnet instructions. >>Schematic(Insulated Plating) Downloading schematic... Insulated Plating Rating: 3 Schematic downloaded. >>Schematic(Magnetic Acceleration Cannon) Downloading schematic... Magnetic Acceleration Cannon Rating: 5 Schematic downloaded. 04451_ System corrupted: Energy discharge (-68). 04474_ EXIT=FOUND 04489_ I-25 Savior springs to life. 04489_ I-25 Savior sends out distress signal. 04489_ L-31 Rogue springs to life. 04490_ P-60 Hacker springs to life. Map ----- +----------------------------------------------------+ | | | | | ?????????????????????????????????????????????????? | | ?????????????????????????????????????????????????? | | ?????????????????????????????????????????????????? | | ?????????????????????????????????????????????????? | | ?????????????????????????????????????????????????? | | ?????????????????????????????????????????????????? | | ?????????????????????????????????????????????????? | | ?????????????????????????????????????????????????? | | ?????????????????????????????????????????????????? | | ?????????????????????????????????????????????????? | | ?????????????????????????????????????????????????? | | ?????????????????????????????????????????????????? | | ?????????#######?????????????????????????????????? | | ?????????#% ????????????????????????????????? | | ?????????# ????????####????????????????????? | | ?????????# [ b% ??????#"""#?#??????????????????? | | ?????????# g /????###"Y"# #??????????????????? | | ?????????#!! / ???# #??????????????????? | | ?????????# #### #?????????????????????? | | ?????????# % ip #?????????????????????? | | ?????????# [ #p #?????????????????????? | | ?????????####+###### ###???????????????????? | | ??????? #???????????????????? | | ??????? @ < #???????????????????? | | ??????? r #???????????????????? | | ???????#######"Y"######+######???????????????????? | | ?????????????#""????# #???????????????????? | | ?????????????##?????# #???????????????????? | | ????????????????????# ##??????????????????? | | ?????????????? #?# #??????????????????? | | ?????????????? #?# ##??????????????????? | | ?????????????? #?# #???????????????????? | | ?????????????? #?# #???????????????????? | | ?????????????? #?# #???????????????????? | | ?????????????? #?# #???????????????????? | | ?????????????? #?######+###???????????????????? | | ?????????????? #??????# #?????????????????????? | | ??????????????######?????# #??????#####??????????? | | ???? ??????? ###???# #??????#"""#??????????? | | ???# ??????? #???# ########"Y"####???????? | | ???# ??????? #???# ## #???????? | | ???# ??????? #???#### ##" #???????? | | ???# ???????#### ###?????## ##T #???????? | | ???# ??????????# ######### #" #???????? | | ???# #?????????# T + #???????? | | ???# #?????????####= #### # """ #???????? | | ???# #####+#####??# #??## ## """ #???????? | | ???# # """ ############ ## """ #???????? | +----------------------------------------------------+ Best States ------------- Heat Dissipation 35 Energy Generation 15 Energy Capacity 250 Matter Stores 300 Matter Capacity 300 Sight Range 16 Terrain Scan Density 10 Armor Coverage 150 Evasion (%) 40 Recoil Reduction 2 Authchip Count 1 Item Schematics ----------------- Insulated Plating | -8/Recycling | Hacked Magnetic Acceleration Cannon | -8/Recycling | Hacked Robot Schematics ------------------ None Fabricated ------------ Nothing Alien Tech Used ----------------- None Achievements -------------- None Challenges ------------ None Game ------ Seed AngularFrostDoublenader Manual? 0 Play Time 00:45:44 Cumulative 141.8 hours Start 2024.11.07 @ 21:58:38 End 2024.11.07 @ 22:41:57 Sessions 1 Manual Loads 0 Difficulty Rogue Special Mode None Game No. 51 Rogue 50 Adventurer 1 Explorer 0 Win Type - Total 2 Types 2/0/0/0/0/0/0/0/0 Lore% 40 Gallery% 58 Achievement% 48 Wizard Run 0 Options --------- Layout 0 ASCII 1 Keyboard 1 Movement Vi Keybinds 0 Fullscreen 2 Font 36/Terminus++ Map View 76x50 Zoom Use 0% Tactical HUD 1 Map Filters NONE Filters NONE Steam 1 RUN: 6089ebbd-ba10-4305-bbf8-87669e6e1acf